 Dungeon Crawl Stone Soup version 0.30-a0-1160-g6e42c06551 (webtiles) character file.

Game seed: 15095205814827555508

277 Orangeyouglad the Slasher (level 6, -5/49 HPs)
             Began as a Human Monk on Apr 26, 2023.
             Slain by Crazy Yiuf
             ... wielding a +4 quarterstaff of chaos
              (10 damage)
             ... on level 2 of the Dungeon.
             The game lasted 00:03:35 (1875 turns).

Orangeyouglad the Slasher (Human Monk)              Turns: 1875, Time: 00:03:36

Health: -5/49      AC:  4    Str: 12    XL:     6   Next: 51%
Magic:  6/6        EV: 14    Int: 10    God:
Gold:   38         SH:  0    Dex: 17    Spells: 5/5 levels left

rFire   . . .        q - +7 club
rCold   . . .        d - orb {light}
rNeg    . . .        b - +0 robe
rPois   .            (no helmet)
rElec   .            (no cloak)
rCorr   .            k - +1 pair of gloves
SInv    .            (no boots)
Will    .....        (no amulet)
Stlth   +            (no ring)
HPRegen 0.28/turn    (no ring)
MPRegen 0.10/turn

%: no passive effects
@: glowing
A: no striking features
a: no special abilities


You were on level 2 of the Dungeon.
You visited 1 branch of the dungeon, and saw 2 of its levels.

You collected 38 gold pieces.

Inventory:

Hand Weapons
 a - a +0 falchion
 q - a +7 club (weapon)
Missiles
 j - 6 poisoned darts (quivered)
 w - 3 boomerangs
Armour
 b - a +0 robe (worn)
 d - an orb of light (worn)
 k - a +1 pair of gloves (worn)
Jewellery
 h - a ring of flight
 o - a +6 ring of dexterity
 s - a ring of poison resistance
Scrolls
 e - a scroll of enchant armour {unknown}
 g - 2 scrolls of identify {unknown}
 i - 2 scrolls of poison {unknown}
 l - a scroll of blinking {unknown}
 p - 2 scrolls of enchant weapon {unknown}
 r - a scroll of amnesia {unknown}
 t - a scroll of vulnerability {unknown}
Potions
 c - 2 potions of ambrosia
 f - a potion of haste {unknown}
 m - a potion of attraction {unknown}
 n - 2 potions of flight {unknown}
 u - 2 potions of might {unknown}
 v - a potion of mutation {unknown}


   Skills:
 + Level 4.6 Fighting
 + Level 4.6 Long Blades
 + Level 4.5 Dodging


You had 5 spell levels left.
You didn't know any spells.
Your spell library was empty.

Dungeon Overview and Level Annotations

Branches:
Dungeon (2/15)

Altars:
Sif Muna

Annotations:
D:2 Crazy Yiuf


Message History

Things that are here:
a +1 scythe of protection; a +0 robe A bat comes into view.
The bat barely misses you.
A bat is nearby!
You barely miss the bat. The bat hits you but does no damage. The bat hits you.
You barely miss the bat. The bat hits you. The bat barely misses you.
You barely miss the bat. The bat closely misses you. The bat barely misses you.
You sock the bat!
You kill the bat!
You see here a bat corpse.
There is a stone staircase leading down here.
Found a hammer.
Found a runed translucent door.
Crazy Yiuf flaps his cloak.
You open the door.
Crazy Yiuf says, "Crazy?
Crazy!?
PORCUPINE!"
You barely miss Crazy Yiuf. Crazy Yiuf misses you.
You barely miss Crazy Yiuf. Crazy Yiuf misses you.
You hit Crazy Yiuf but do no damage. Crazy Yiuf barely misses you.
Crazy Yiuf hits you with a +4 quarterstaff of chaos!
Crazy Yiuf freezes you.
You sock Crazy Yiuf!
Crazy Yiuf is moderately wounded.
Crazy Yiuf hits you with a +4 quarterstaff of chaos.
Crazy Yiuf burns you.
You hit Crazy Yiuf.
Crazy Yiuf is heavily wounded.
Crazy Yiuf hits you with a +4 quarterstaff of chaos!
Crazy Yiuf draws strength from your wounds!
You barely miss Crazy Yiuf.
Crazy Yiuf is heavily wounded.
Crazy Yiuf barely misses you.
You barely miss Crazy Yiuf.
Crazy Yiuf is heavily wounded.
Crazy Yiuf hits you with a +4 quarterstaff of chaos!
* * * LOW HITPOINT WARNING * * *
Crazy Yiuf burns you.
* * * LOW HITPOINT WARNING * * *
Crazy Yiuf hits you with a +4 quarterstaff of chaos!
You die...

#.###.#.#######....#
..# #.#....# ##..##
#####.###### #P.P.#
......# ##PP.#
######### ##.## #
#...# ##.# # #.#.#
#.## # #.#.# ##.#
#####.#.# #@##
......#.# #g#
#######.# ... ###
#.# #...# †.# #.#
#)..# #.#####)####
##### #.##....##.#
#.###.####.### ###
..###.# #...# #.#


You could see Crazy Yiuf.

Vanquished Creatures
  Sigmund (D:2)
  Jessica (D:2)
  Natasha (twice) (D:2)
  5 worms
  2 dart slugs
  A ball python (D:2)
  An endoplasm (D:1)
  A giant cockroach (D:1)
  3 goblins
  2 hobgoblins (D:1)
  3 quokkas
  7 bats
  3 frilled lizards
  A kobold (D:1)
  3 rats
36 creatures vanquished.

Notes
Turn   | Place    | Note
-------+----------+-------------------------------------------
     0 | D:1      | Orangeyouglad the Human Monk began the quest for the Orb.
     0 | D:1      | Reached XP level 1. HP: 18/18 MP: 1/1
   132 | D:1      | Reached XP level 2. HP: 5/24 MP: 2/2
   534 | D:1      | Reached XP level 3. HP: 27/29 MP: 3/3
  1148 | D:2      | Noticed Sigmund
  1176 | D:2      | Found a shimmering blue altar of Sif Muna.
  1316 | D:2      | Noticed Jessica
  1319 | D:2      | Killed Jessica
  1320 | D:2      | Reached XP level 4. HP: 25/36 MP: 4/4
  1426 | D:2      | Noticed Natasha
  1431 | D:2      | Killed Natasha
  1517 | D:2      | Noticed Natasha
  1539 | D:2      | Killed Sigmund
  1540 | D:2      | Reached XP level 5. HP: 30/43 MP: 5/5
  1540 | D:2      | Reached XP level 6. HP: 35/49 MP: 6/6
  1547 | D:2      | Killed Natasha
  1864 | D:2      | Found a runed translucent door.
  1865 | D:2      | Noticed Crazy Yiuf
  1875 | D:2      | Slain by Crazy Yiuf

Illustrated notes

Levels and vault maps discovered:
D:1:      lightli_arrival_statue_moat, layout_basic, nicolae_wormholes
D:2:      layout_basic, basic_altar, uniq_crazy_yiuf_cottage, uniq_natasha,
          uniq_sigmund, uniq_jessica

Skill      XL: |  1  2  3  4 |
---------------+-------------+-----
Fighting       | 4 |  4.6
Long Blades    | 4 |  4.6
Dodging        | 4 |  4.5

Action                     |  1- 3 |  4- 6 || total
---------------------------+-------+-------++-------
  Melee: Falchion          |    63 |     4 ||    67
         Club              |       |    56 ||    56
 Armour: Robe              |    12 |     9 ||    21
  Dodge: Dodged            |    39 |    69 ||   108

Table legend: (Time is in decaauts)
 A = Elapsed time spent in this place.
 B = Non-inter-level travel time spent in this place.
 C = Inter-level travel time spent in this place.
 D = Time resting spent in this place.
 E = Time spent auto-exploring this place.
 F = Levels seen in this place.
 G = Mean time per level.
                   A        B        C        D        E       F      G
               +--------+--------+--------+--------+--------+-----+--------+
         Total |   1917 |   1885 |     32 |     10 |   1326 |   2 |  958.5 |
       Dungeon |   1917 |   1885 |     32 |     10 |   1326 |   2 |  958.5 |
               +--------+--------+--------+--------+--------+-----+--------+

Top non-repeatable levels by time:
     D:1: 1152 daAuts
     D:2: 765 daAuts
